 Dungeon Crawl Stone Soup version 0.29.0-4-gdea44cf6ec (webtiles) character file.

Game seed: 12315391772851226668

11 qw the Chopper (level 2, -1/17 HPs)
             Began as a Tengu Warper on Aug 28, 2022.
             Succumbed to an adder's poison
             ... on level 2 of the Dungeon.
             The game lasted 00:00:03 (679 turns).

qw the Chopper (Tengu Warper)                        Turns: 679, Time: 00:00:04

Health: -1/17      AC:  3    Str: 11    XL:     2   Next: 25%
Magic:  6/6        EV: 11    Int: 13    God:
Gold:   52         SH:  0    Dex: 13    Spells: 5/5 levels left

rFire   . . .      SeeInvis +   Y - +1 hand axe
rCold   . . .      Faith    .   (no shield)
rNeg    . . .      Spirit   .   b - +0 leather armour
rPois   .          Reflect  .   (helmet restricted)
rElec   .          Harm     .   (no cloak)
rCorr   .          Rampage  .   (no gloves)
Will    .....                   (boots unavailable)
Stlth   +.........              (no amulet)
HPRegen 0.05/turn               f - ring of see invisible
MPRegen 0.10/turn               (no ring)

@: lethally poisoned (-1 -> -8), about to teleport
A: beak, talons 3
a: no special abilities


You were on level 2 of the Dungeon.
You visited 1 branch of the dungeon, and saw 2 of its levels.

You collected 79 gold pieces.
You spent 27 gold pieces at shops.


Innate Abilities, Weirdness & Mutations

You have a beak for a mouth.
You have claws for feet.


   Skills:
 - Level 2.0 Fighting
 + Level 3.2 Axes
 - Level 1.0 Throwing
 - Level 1.1 Armour
 - Level 2.1 Dodging
 - Level 2.0 Spellcasting
 - Level 2.4 Translocations


You had 5 spell levels left.
You didn't know any spells.
Your spell library contained the following spells:

 Spells                   Type           Power      Damage    Failure   Level
 Blink                    Tloc           14%        N/A       19%         2
 Gell's Gravitas          Tloc           7%         N/A       36%         3
 Lesser Beckoning         Tloc           7%         N/A       36%         3
 Teleport Other           Tloc           7%         N/A       36%         3
 Manifold Assault         Tloc           7%         N/A       98%         5

Inventory:

Hand Weapons
 Y - a +1 hand axe (weapon)
Armour
 b - a +0 leather armour (worn)
Jewellery
 f - a ring of see invisible (left hand)
Scrolls
 a - 2 scrolls of enchant armour
 l - a scroll of identify
Potions
 m - a potion of heal wounds {unknown}

Dungeon Overview and Level Annotations

Branches:
Dungeon (2/15)

Altars:

Shops:
D:1 *


Message History

There is a stone staircase leading down here.
You open the door.
An adder comes into view.
An adder is nearby!
You hit the adder but do no damage. The adder closely misses you.
You hit the adder. Your kick misses the adder.
The adder is lightly wounded.
The adder bites you. The adder barely misses you.
You barely miss the adder. Your kick misses the adder.
The adder barely misses you.
You closely miss the adder. Your kick misses the adder. You peck the adder.
The adder is heavily wounded.
The adder closely misses you. The adder barely misses you.
You hit the adder. Your peck misses the adder.
The adder is heavily wounded.
The adder closely misses you.
You miss the adder.
The adder is heavily wounded.
The adder bites you.
You are poisoned.
The adder poisons you! The adder misses you.
You closely miss the adder. Your kick misses the adder.
Your peck misses the adder.
The adder is heavily wounded.
You feel sick. The adder bites you.
You are lethally poisoned!
The adder poisons you!
You barely miss the adder.
The adder is heavily wounded.
You feel very sick. The adder closely misses you. The adder bites you.
678 ||| READING scroll of teleportation.
As you read the scroll of teleportation, it crumbles to dust.
You feel strangely unstable.
You feel very sick. The adder closely misses you.
You slash the adder!
You kill the adder!
You die...

.# ###+#.# #.....
#.... #... ####....
#...>#.#+#
#####...@#.#.#
#........#.#.# .##+###
#.######.#.#.#
.#....###.# #.#.#.#
#......##.######.#.#'#
........#.#........>.#
......#...#.#####....#
......##....# ######
............#


There were no monsters in sight!

Vanquished Creatures
  An adder (D:2)
  2 bats
  A giant cockroach (D:1)
  A hobgoblin (D:1)
  2 kobolds (D:1)
  3 ball pythons (D:1)
  A frilled lizard (D:1)
  A rat (D:2)
12 creatures vanquished.

Notes
Turn   | Place    | Note
-------+----------+-------------------------------------------
     0 | D:1      | qw the Tengu Warper began the quest for the Orb.
     0 | D:1      | Reached XP level 1. HP: 12/12 MP: 4/4
     0 | D:1      | 0 ||| qw: Version: 0.1-a-89-g26bdef1
     0 | D:1      | 0 ||| qw: Game counter: 626
     0 | D:1      | 0 ||| qw: Always use a shield: true
     0 | D:1      | 0 ||| qw: God list: Okawaru
     0 | D:1      | 0 ||| qw: Allow faded altars: false
     0 | D:1      | 0 ||| qw: Do Orc after D:15 true
     0 | D:1      | 0 ||| qw: Do second Lair branch before Depths: true
     0 | D:1      | 0 ||| qw: Lair rune preference: random
     0 | D:1      | 0 ||| qw: Plans: Normal
     0 | D:1      | 0 ||| PLANNING D:1-11
   165 | D:1      | Reached XP level 2. HP: 15/17 MP: 6/6
   243 | D:1      | Reached skill level 3 in Axes
   245 | D:1      | 245 ||| Stepping ~*~*~tactically~*~*~ (stealth).
   246 | D:1      | 246 ||| Stepping ~*~*~tactically~*~*~ (stealth).
   255 | D:1      | Found Moxarecs's Assorted Antiques.
   260 | D:1      | 260 ||| SHOPLISTING 2 emerald potions (55 gold, have 49).
   260 | D:1      | 260 ||| BUYING fizzy sapphire potion (27 gold).
   260 | D:1      | Bought a fizzy sapphire potion for 27 gold pieces
   260 | D:1      | 260 ||| SHOPLISTING scale mail (124 gold, have 22).
   260 | D:1      | 260 ||| SHOPLISTING scroll labelled ATUAKO XUREGGE (31
                  | gold, have 22).
   260 | D:1      | 260 ||| SHOPLISTING scroll labelled BUNUAMINEU (31 gold,
                  | have 22).
   260 | D:1      | 260 ||| SHOPLISTING scroll labelled JOFOPHYDYUV (31 gold,
                  | have 22).
   260 | D:1      | 260 ||| SHOPLISTING scroll labelled RAPASM NEEL (31 gold,
                  | have 22).
   260 | D:1      | 260 ||| SHOPLISTING scroll labelled VUDUSCHI DUUNI (31
                  | gold, have 22).
   572 | D:1      | 572 ||| UPGRADING to ring of see invisible.
   573 | D:1      | 573 ||| READING 3 scrolls labelled RAPASM NEEL.
   574 | D:1      | 574 ||| READING 2 scrolls labelled BEECANN LAHOAR.
   575 | D:1      | 575 ||| READING 2 scrolls labelled HEIXKO FAHO.
   578 | D:1      | 578 ||| READING scroll labelled TIUNUGH HIGESU.
   579 | D:1      | 579 ||| READING 4 scrolls labelled SEEPAL ECSOY.
   580 | D:1      | 580 ||| DRINKING 2 white potions.
   581 | D:1      | 581 ||| READING 3 scrolls of identify.
   581 | D:1      | 581 ||| IDENTIFYING fizzy sapphire potion
   582 | D:1      | 582 ||| READING 2 scrolls of identify.
   582 | D:1      | 582 ||| IDENTIFYING black potion
   583 | D:1      | 583 ||| DROPPING scroll of blinking.
   584 | D:1      | 584 ||| DROPPING potion of degeneration.
   585 | D:1      | 585 ||| DROPPING scroll of poison.
   586 | D:1      | 586 ||| DROPPING potion of attraction.
   587 | D:1      | 587 ||| DROPPING potion of flight.
   677 | D:2      | HP: 4/17 [adder (2)]
   678 | D:2      | 678 ||| READING scroll of teleportation.
   678 | D:2      | HP: 1/17 [poisoned by an adder]
   679 | D:2      | Succumbed to an adder's poison

Levels and vault maps discovered:
D:1:      spicycebolla_arrival_xxxplode, layout_loops_ring, serial_shops, shop
D:2:      layout_basic, dreamdust_ecumenical_altar_grove, serial_shops,
          nicolae_shop_advertising_works [nicolae_subvault_shop_adworks],
          dk_noncrumbling_2, kennysheep_decorative_pillar

Skill      XL: |  1  2 |
---------------+-------+-----
Axes           | 3 |  3.2
Fighting       | |  2.0
Throwing       | |  1.0
Armour         | |  1.1
Dodging        | |  2.1
Spellcasting   | |  2.0
Translocations | |  2.4

Action                   || total
-------------------------++-------
Melee: Hand axe          ||    19
       Kick              ||     1
       Peck              ||     1
Throw: Boomerang         ||     7
  Use: Scroll            ||     8
       Potion            ||     1
Armor: Leather armour    ||     2
Dodge: Dodged            ||     9

Table legend:
 A = Non-vault XP
 B = Vault XP
 C = Vault XP percentage of total XP
 D = Non-vault monster count
 E = Vault monster count
 F = Vault count percentage of total count
                 A         B        C        D         E       F
            +---------+---------+-------+---------+---------+-------
      Total |      30 |       0 |   0.0 |      12 |       0 |   0.0
            +---------+---------+-------+---------+---------+-------
        D:1 |      14 |       0 |   0.0 |       9 |       0 |   0.0
        D:2 |      16 |       0 |   0.0 |       3 |       0 |   0.0
            +---------+---------+-------+---------+---------+-------
